 Dungeon Crawl Stone Soup version 0.31-a0-263-ge8cad7f256 (webtiles) character file.

Game seed: 12095220927969484386

46 lessens the Sneak (level 3, 0/21 HPs)
             Began as a Kobold Brigand on July 13, 2023.
             Slain by a worm (11 damage)
             ... on level 2 of the Dungeon.
             The game lasted 00:01:15 (1098 turns).

lessens the Sneak (Kobold Brigand)                  Turns: 1098, Time: 00:01:16

Health: 0/21       AC:  3    Str: 10    XL:     3   Next: 92%
Magic:  3/3        EV: 14    Int: 12    God:
Gold:   42         SH:  0    Dex: 16    Spells: 2/2 levels left

rFire   . . .        h - +0 dagger (venom)
rCold   . . .        (no shield)
rNeg    . . .        b - +0 robe
rPois   .            (no helmet)
rElec   .            c - +0 cloak
rCorr   .            (no gloves)
SInv    .            (no boots)
Will    .....        (no amulet)
Stlth   ++++         (no ring)
HPRegen 0.23/turn    (no ring)
MPRegen 0.08/turn

%: no passive effects
@: no status effects
A: small, no large weapons, nightstalker 3
a: no special abilities


You were on level 2 of the Dungeon.
You visited 1 branch of the dungeon, and saw 2 of its levels.

You collected 42 gold pieces.

Inventory:

Hand Weapons
 a - a +2 dagger
 h - a +0 dagger of venom (weapon)
Missiles
 d - 9 poisoned darts (quivered)
 e - 3 curare-tipped darts
 j - 3 stones
Armour
 b - a +0 robe (worn)
 c - a +0 cloak (worn)
Jewellery
 k - an amulet of the acrobat
Scrolls
 f - 2 scrolls of identify {unknown}
 l - a scroll of teleportation {unknown}
 m - a scroll of fog {unknown}
Potions
 g - a potion of curing {unknown}
 i - a potion of attraction {unknown}


   Skills:
 - Level 2.1 Fighting
 + Level 5.2 Short Blades
 - Level 2.1 Throwing
 - Level 1.2 Dodging
 - Level 5.3 Stealth


You had 2 spell levels left.
You didn't know any spells.
Your spell library contained the following spells:

 Spells                   Type           Power      Damage    Failure   Level
 Freeze                   Ice            0%         1d3       32%         1
 Frozen Ramparts          Ice            0%         1d1       69%         3
 Hailstorm                Conj/Ice       0%         3d3       69%         3
 Tukima's Dance           Hex            0%         N/A       69%         3
 Passage of Golubria      Tloc           0%         N/A       97%         4
 Yara's Violent Unravell  Hex/Tmut       0%         3d3       100%        5


Dungeon Overview and Level Annotations

Branches:
Dungeon (2/15) Zot: 10918

Altars:
Fedhas


Innate Abilities, Weirdness & Mutations

You are small and have problems with some larger weapons.
You are completely attuned to the shadows.


Message History

a +0 dagger; a +0 sling; a goblin corpse
Found a cloak.
f - 2 scrolls labelled JIENKESK PUYRPH (gained 1)
A kobold comes into view. It is wielding a +0 short sword.
The helpless kobold fails to defend itself.
You impale the kobold!!
You kill the kobold!
No target in view!
j - 3 stones (gained 2)
You see here a +0 short sword.
You see here a +0 short sword.
Found a stone staircase leading down.
Found a leather armour.
There is a stone staircase leading down here.
Found a blossoming altar of Fedhas.
You now have 42 gold pieces (gained 10).
Found a stone staircase leading up.
Found a faded altar of an unknown god.
There is a faded altar of an unknown god here.
m - a scroll labelled OKUSEUXUMM A kobold comes into view.
It is wielding a +0 dagger.
A kobold is nearby!
A kobold is nearby!
The helpless kobold fails to defend itself.
You impale the kobold!!
You kill the kobold!
No target in view!
Things that are here:
a +0 dagger; a kobold corpse A worm comes into view.
A worm is nearby!
A worm is nearby!
The worm bites you!
You hit the worm.
The worm is poisoned.
The worm is lightly wounded.
You hit the worm but do no damage.
The worm looks even sicker.
The worm is lightly wounded.
The worm bites you!
Ouch! That really hurt!
You die...

.#...#_# ..#..)..#
.#.#.#.# #...#.#
....P..P .P..##.#
.#.#.#.#.#.#.....#
.#.P.#P#.P.#..#..#
##### #....# ....
..##.# .### ## #.#
.# #@# .# #.w.#
.##### #.#.#
...... #. .#
......# ## ##
..._..# ......#
#...... ##.#...


You could see a worm (very poisoned).

Vanquished Creatures
  A worm (D:2)
  A dart slug (D:1)
  6 ball pythons
  2 endoplasms (D:1)
  A giant cockroach (D:1)
  4 hobgoblins (D:1)
  6 kobolds
  A quokka (D:1)
  6 bats
  A frilled lizard (D:1)
  2 goblins
  6 rats
37 creatures vanquished.

Notes
Turn   | Place    | Note
-------+----------+-------------------------------------------
     0 | D:1      | lessens the Kobold Brigand began the quest for the Orb.
     0 | D:1      | Reached XP level 1. HP: 12/12 MP: 1/1
    43 | D:1      | Reached XP level 2. HP: 12/17 MP: 2/2
   270 | D:1      | Reached XP level 3. HP: 21/21 MP: 3/3
   720 | D:2      | Reached skill level 5 in Short Blades
   995 | D:2      | Found a blossoming altar of Fedhas.
  1050 | D:2      | Found a faded altar of an unknown god.
  1098 | D:2      | Slain by a worm

Illustrated notes

Levels and vault maps discovered:
D:1:      eino_arrival_water_star, layout_basic
D:2:      minmay_evil_eye, layout_loops_ring, basic_altar,
          shapermc_ecumenical_altar_mp_urbaneastern, kennysheep_minor_cross

Skill      XL: |  1  2  3 |
---------------+----------+-----
Short Blades   | 3 4 5 |  5.2
Fighting       | |  2.1
Throwing       | |  2.1
Dodging        | |  1.2
Stealth        | |  5.3

Action                     || total
---------------------------++-------
  Melee: Dagger            ||    82
         Punch             ||     1
   Stab: Sleeping          ||    17
         Distracted        ||     1
 Armour: Robe              ||    11
  Dodge: Dodged            ||    55

Table legend: (Time is in decaauts)
 A = Elapsed time spent in this place.
 B = Non-inter-level travel time spent in this place.
 C = Inter-level travel time spent in this place.
 D = Time resting spent in this place.
 E = Time spent auto-exploring this place.
 F = Levels seen in this place.
 G = Mean time per level.
                   A        B        C        D        E       F      G
               +--------+--------+--------+--------+--------+-----+--------+
         Total |   1080 |   1060 |     20 |      0 |    869 |   2 |  540.0 |
       Dungeon |   1080 |   1060 |     20 |      0 |    869 |   2 |  540.0 |
               +--------+--------+--------+--------+--------+-----+--------+

Top non-repeatable levels by time:
     D:1: 685 daAuts
     D:2: 395 daAuts

Levels and vault maps discovered:
D:1:      eino_arrival_water_star, layout_basic
D:2:      minmay_evil_eye, layout_loops_ring, basic_altar,
          shapermc_ecumenical_altar_mp_urbaneastern, kennysheep_minor_cross
